AoeStats
← MattAtArms

Arabia

512223801Analyzed
1v1 RM · 7d ago on Oct 8, 2026· 54m 21s· 2 players
Game mode
Random Map
Map size
Tiny (2 player)
Population
200
Speed
Normal
Resources
Standard
Victory
Conquest
Starting age
Dark Age
Ending age
Imperial Age
RankedLock teamsTeams togetherTeam positionsShared explorationLock speedFull tech treeHidden civsTurbo modeCheats
Victory
Defeat
🇨🇭 Malay · Switzerland
1939
+17
vs
🇬🇧 Khmer · United Kingdom
1955
-17
nlp
6:50 Loom
9:38 Feudal Age
14:32 Fletching
16:00 Double-Bit Axe
20:35 Castle Age
20:09 Bodkin Arrow
19:57 Crossbowman
21:46 Ballistics
21:44 Padded Archer Armor
34:45 Imperial Age
32:51 Gold Mining
32:48 Horse Collar
35:20 Chemistry
34:38 Bracer
35:03 Arbalester
40:14 Siege Engineers
42:54 Thumb Ring
43:51 Heavy Plow
44:40 Leather Archer Armor
45:03 Scale Barding Armor
45:08 Forging
44:49 Pikeman
45:30 Squires
46:01 Ring Archer Armor
45:26 Halberdier
47:50 Iron Casting
47:53 Conscription
47:47 Masonry
48:13 Bow Saw
50:09 Wheelbarrow
51:57 Blast Furnace
51:35 Crop Rotation
51:24 Man-at-Arms
52:52 Elite Karambit Warrior
53:55 Long Swordsman
MattAtArms
8:32 Feudal Age
9:06 Double-Bit Axe
9:02 Horse Collar
10:55 Loom
14:23 Fletching
20:16 Castle Age
18:27 Gold Mining
18:54 Padded Archer Armor
20:18 Crossbowman
20:54 Bodkin Arrow
21:46 Bow Saw
22:03 Leather Archer Armor
22:27 Ballistics
23:05 Bow Saw
25:35 Wheelbarrow
25:10 Town Watch
36:27 Imperial Age
35:03 Masonry
36:42 Hand Cart
37:13 Bracer
38:15 Chemistry
36:36 Arbalester
39:59 Ring Archer Armor
43:19 Scale Barding Armor
43:24 Forging
44:01 Bloodlines
43:51 Husbandry
44:31 Conscription
45:00 Chain Barding Armor
44:23 Light Cavalry
44:25 Cavalier
45:43 Iron Casting
47:27 Plate Barding Armor
47:04 Heavy Plow
50:02 Elite Skirmisher
53:10 Blast Furnace
Connection lost

Rejoining the realm…

Still unreachable

The connection could not be restored.

Session expired

The server has moved on; the page needs a fresh start.